 Dungeon Crawl Stone Soup version 0.31-a0-845-g9abc20d24f (webtiles) character file.

Game seed: 11377438073036858200

69 subawu the Ruffian (level 4, -8/51 HPs)
             Began as a Gnoll Shapeshifter on Oct 2, 2023.
             Killed by divine providence
             ... invoked by an orc priest
              (13 damage)
             ... on level 3 of the Dungeon.
             The game lasted 00:04:05 (1789 turns).

subawu the Ruffian (Gnoll Shapeshifter)             Turns: 1789, Time: 00:04:05

Health: -8/51      AC: 22    Str: 16    XL:     4   Next: 20%
Magic:  5/5        EV:  2    Int:  9    God:
Gold:   54         SH:  0    Dex: 11    Spells: 5/5 levels left

rFire   . .          .
                       - Unarmed
rCold   . . .        (no shield)
rNeg    . . .        h - melded +0 chain mail
rPois   +            (helmet currently unavailable)
rElec   .            (cloak currently unavailable)
rCorr   .            (gloves currently unavailable)
SInv    .            (boots currently unavailable)
Will    .....        (no amulet)
Stlth   +            (no ring)
HPRegen 0.28/turn    (no ring)
MPRegen 0.09/turn

%: no passive effects
@: tree-form
A: stationary, stasis, torment immunity, boosted hp, (fangs 1), strong nose,
distributed training
a: no special abilities


You were on level 3 of the Dungeon.
You were a tree.
You visited 1 branch of the dungeon, and saw 3 of its levels.

You collected 54 gold pieces.

Inventory:

Armour
 a - a +0 animal skin
 e - a +0 leather armour
 f - a +0 ring mail
 h - a +0 chain mail (melded)
Jewellery
 q - a ring of wizardry
Talismans
 c - a beast talisman
 d - a flux talisman
Scrolls
 g - 2 scrolls of fear {unknown}
 k - a scroll of identify {unknown}
 n - a scroll of immolation {unknown}
 o - a scroll of teleportation {unknown}
 r - a scroll of silence {unknown}
Potions
 i - 2 potions of degeneration {unknown}
 j - a potion of brilliance {unknown}
 l - 4 potions of curing {unknown}
 m - a potion of attraction {unknown}
 p - 2 potions of haste {unknown}


   Skills:
 + Level 2.7 Fighting
 + Level 1.1 Short Blades
 + Level 1.1 Long Blades
 + Level 1.1 Axes
 + Level 1.1 Maces & Flails
 + Level 1.1 Polearms
 + Level 1.1 Staves
 + Level 1.1 Ranged Weapons
 + Level 1.1 Throwing
 + Level 1.1 Armour
 + Level 4.6 Dodging
 + Level 1.1 Stealth
 + Level 1.1 Shields
 + Level 6.6 Unarmed Combat
 + Level 1.1 Spellcasting
 + Level 0.8 Conjurations
 + Level 0.8 Hexes
 + Level 0.8 Summonings
 + Level 0.8 Necromancy
 + Level 0.8 Translocations
 + Level 0.8 Transmutations
 + Level 0.8 Fire Magic
 + Level 0.8 Ice Magic
 + Level 0.8 Air Magic
 + Level 0.8 Earth Magic
 + Level 0.8 Poison Magic
 + Level 1.2 Invocations
 + Level 1.1 Evocations
 + Level 6.5 Shapeshifting


You had 5 spell levels left.
You didn't know any spells.
Your spell library contained the following spells:

 Spells                   Type           Power      Damage    Failure   Level
 Foxfire                  Conj/Fire      8%         2x1d4     26%         1
 Wereblood                Tmut           2%         N/A       36%         2
 Tukima's Dance           Hex            2%         N/A       61%         3
 Dimensional Bullseye     Hex/Tloc       1%         N/A       95%         4
 Iskenderun's Mystic Bla  Conj/Tloc      2%         2d3       95%         4
 Fireball                 Conj/Fire      1%         3d3       100%        5


Dungeon Overview and Level Annotations

Branches:
Dungeon (3/15)

Altars:


Innate Abilities, Weirdness & Mutations

You are a tree.
Your roots penetrate the ground, keeping you stationary.
You cannot be teleported.
You are immune to unholy pain and torment.
Your maximum health is greatly increased.
Your equipment is partially melded.
((You have very sharp teeth.))
Your uncanny sense of smell can sniff out nearby items.
Your experience applies equally to all skills.


Message History

You smack the gnoll!
You kill the gnoll!
An adder comes into view.
The endoplasm hits you but does no damage.
The gnoll hits you from afar with a +0 halberd.
* * * LOW HITPOINT WARNING * * *
The orc wizard mumbles some strange words.
The orc wizard flickers and vanishes!
Deactivating autopickup; reactivate with Ctrl-A.
You closely miss the orc. You closely miss the orc.
The gnoll hits you but does no damage. The endoplasm completely misses you.
You completely miss the orc.
The gnoll hits you but does no damage. x2
The endoplasm hits you but does no damage.
The orc completely misses you.
An endoplasm comes into view.
Something hits you but does no damage.
The endoplasm quivers.
You hit the orc.
The orc is heavily wounded.
The gnoll barely misses you. The gnoll hits you but does no damage.
The endoplasm freezes you.
You are frozen.
* * * LOW HITPOINT WARNING * * *
The orc completely misses you. Something hits you but does no damage.
You smack the orc!
You kill the orc!
The gnoll hits you but does no damage.
The endoplasm hits you but does no damage.
The gnoll hits you but does no damage.
You smack the gnoll!
The gnoll is almost dead.
Something hits you.
* * * LOW HITPOINT WARNING * * *
The gnoll hits you but does no damage. x2
The endoplasm hits you but does no damage.
The gnoll hits you but does no damage.
The orc priest mumbles some strange prayers to Beogh against you.
Beogh smites you!
You die...

#.#
∆.........
#.#
########..
#.### # #...#
.# ###.# ..#
###.##.(# ∆
#......#
#..#.#####
#.##.))♣g# #.
####gJS......
.. #o.g.#....
#.#
#.##...... #.
J.# ###.. #.
..## .. .. #
...


You could see an orc priest, 3 gnolls, an adder and 2 endoplasms.

Vanquished Creatures
  A gnoll (D:3)
  2 dart slugs
  3 orcs (D:3)
  6 ball pythons
  6 endoplasms
  7 goblins
  4 hobgoblins
  3 jackals (D:1)
  3 quokkas (D:1)
  5 bats
  A frilled lizard (D:1)
  4 kobolds
45 creatures vanquished.

Notes
Turn   | Place    | Note
-------+----------+-------------------------------------------
     0 | D:1      | subawu the Gnoll Shapeshifter began the quest for the Orb.
     0 | D:1      | Reached XP level 1. HP: 17/17 MP: 1/1
   200 | D:1      | Found a faded altar of an unknown god.
   272 | D:1      | Reached XP level 2. HP: 23/23 MP: 2/2
   286 | D:1      | Got a quavering book
   522 | D:1      | Reached XP level 3. HP: 28/28 MP: 3/3
   922 | D:1      | You fall into a shaft and drop 1 floor!
   969 | D:2      | Reached skill level 1 in Invocations
  1422 | D:2      | Reached skill level 1 in Short Blades
  1422 | D:2      | Reached skill level 1 in Long Blades
  1422 | D:2      | Reached skill level 1 in Axes
  1422 | D:2      | Reached skill level 1 in Maces & Flails
  1422 | D:2      | Reached skill level 1 in Polearms
  1422 | D:2      | Reached skill level 1 in Staves
  1422 | D:2      | Reached skill level 1 in Ranged Weapons
  1422 | D:2      | Reached skill level 1 in Throwing
  1422 | D:2      | Reached skill level 1 in Armour
  1422 | D:2      | Reached skill level 1 in Stealth
  1422 | D:2      | Reached skill level 1 in Shields
  1422 | D:2      | Reached skill level 1 in Spellcasting
  1422 | D:2      | Reached skill level 1 in Evocations
  1783 | D:3      | Reached XP level 4. HP: 8/34 MP: 5/5
  1789 | D:3      | Killed from afar by an orc priest

Illustrated notes

Levels and vault maps discovered:
D:1:      minmay_arrival_four_houses, layout_basic,
          shapermc_ecumenical_altar_venn, minmay_tall_x
D:2:      layout_rooms, serial_aquarium, aquarium_bridge_long_joined
          [aquarium_subvault_bridge, aquarium_subvault_bridge,
          aquarium_subvault_window, aquarium_subvault_window,
          aquarium_subvault_balcony, aquarium_subvault_window],
          aquarium_window_corner, aquarium_window_corner, aquarium_window_1,
          aquarium_window_double, aquarium_view_2c, aquarium_view_2a,
          aquarium_pool_corner, minmay_pentomino_w2
D:3:      layout_rooms, mainiacjoe_overflow_concentric_impassable, led_sif_book

Skill      XL: |  1  2  3 |
---------------+----------+-----
Invocations    | 1 |  1.2
Short Blades   | 1 |  1.1
Long Blades    | 1 |  1.1
Axes           | 1 |  1.1
Maces & Flails | 1 |  1.1
Polearms       | 1 |  1.1
Staves         | 1 |  1.1
Ranged Weapons | 1 |  1.1
Throwing       | 1 |  1.1
Armour         | 1 |  1.1
Stealth        | 1 |  1.1
Shields        | 1 |  1.1
Spellcasting   | 1 |  1.1
Evocations     | 1 |  1.1
Fighting       | |  2.7
Dodging        | |  4.6
Unarmed Combat | |  6.6
Conjurations   | |  0.8
Hexes          | |  0.8
Summonings     | |  0.8
Necromancy     | |  0.8
Translocations | |  0.8
Transmutations | |  0.8
Fire Magic     | |  0.8
Ice Magic      | |  0.8
Air Magic      | |  0.8
Earth Magic    | |  0.8
Poison Magic   | |  0.8
Shapeshifting  | |  6.5

Action                     |  1- 3 |  4- 6 || total
---------------------------+-------+-------++-------
  Melee: Unarmed           |    78 |     7 ||    85
         Bite              |     3 |       ||     3
         Punch             |     1 |       ||     1
    Use: Potion            |     1 |       ||     1
 Armour: Leather armour    |     7 |       ||     7
         Ring mail         |     3 |       ||     3
         Chain mail        |    59 |       ||    59
         Skin              |    15 |    17 ||    32
  Dodge: Dodged            |    46 |     4 ||    50

Table legend: (Time is in decaauts)
 A = Elapsed time spent in this place.
 B = Non-inter-level travel time spent in this place.
 C = Inter-level travel time spent in this place.
 D = Time resting spent in this place.
 E = Time spent auto-exploring this place.
 F = Levels seen in this place.
 G = Mean time per level.
                   A        B        C        D        E       F      G
               +--------+--------+--------+--------+--------+-----+--------+
         Total |   1779 |   1731 |     48 |      0 |   1063 |   3 |  593.0 |
       Dungeon |   1779 |   1731 |     48 |      0 |   1063 |   3 |  593.0 |
               +--------+--------+--------+--------+--------+-----+--------+

Top non-repeatable levels by time:
     D:1: 1049 daAuts
     D:2: 667 daAuts
     D:3: 63 daAuts
